 Dungeon Crawl Stone Soup version 0.31.0-12-g77e489cdc1 (webtiles) character file.

Game seed: 9637400116433408100

13692 lordive the Grappler (level 12, -7/99 HPs)
             Began as a Naga Shapeshifter on Feb 28, 2024.
             Was a Priest of Cheibriados.
             Mangled by a merfolk
             ... wielding a +0 trident
              (15 damage)
             ... on level 2 of the Lair of Beasts.
             The game lasted 00:23:18 (11892 turns).

lordive the Grappler (Naga Shapeshifter)           Turns: 11892, Time: 00:23:19

Health: -7/99      AC: 14    Str: 24    XL:     12   Next: 8%
Magic:  16/16      EV: 18    Int: 20    God:    Cheibriados [***...]
Gold:   671        SH:  0    Dex: 21    Spells: 7/11 levels left

rFire   . .          .
                       - Unarmed
rCold   + + +        (no shield)
rNeg    . . .        H - +4 leather armour of Lugonu's Castigation {rElec rC+++ Int-2 SInv}
rPois   +            (helmet currently unavailable)
rElec   +            D - melded +0 cloak
rCorr   .            G - melded +0 pair of gloves
SInv    +            (no barding)
Will    +....        (no amulet)
Stlth   ++           j - +5 ring of evasion
HPRegen 0.36/turn    s - ring "Cimnuaxt" {AC+4 Dex+2}
MPRegen 0.15/turn

%: no passive effects
@: beast-form, mesmerised, studying Ranged Weapons, very slow
A: beast (slay +4), AC +4, large, see invisible, deformed body, poison
resistance, slowness 2, spit poison 1, naga tail 1, horns 2, clumsy 1, cold
resistance 1
a: Spit Poison, Begin Untransformation, Renounce Religion, Bend Time, Temporal
Distortion


You were on level 2 of the Lair of Beasts.
You worshipped Cheibriados.
Cheibriados was most pleased with you.
You were a hulking beast.
You visited 3 branches of the dungeon, and saw 12 of its levels.
You also visited: Ossuary.

You collected 686 gold pieces.
You spent 15 gold pieces at shops.

Inventory:

Missiles
 Q - 5 throwing nets
Armour
 a - +0 steam dragon scales
 o - a +1 scale mail of cold resistance
 D - a +0 cloak (melded)
 G - a +0 pair of gloves (melded)
 H - the +4 leather armour of Lugonu's Castigation (worn) {rElec rC+++ Int-2 SInv}
   (You found it on level 6 of the Dungeon)

   Int-2:     It affects your intelligence (-2).
   rC+++:     It renders you almost immune to cold.
   rElec:     It insulates you from electricity.
   SInv:      It lets you see invisible.
 N - +2 swamp dragon scales
 T - +0 acid dragon scales
Jewellery
 j - a +5 ring of evasion (left hand)
 r - a +6 ring of intelligence
 s - the ring "Cimnuaxt" (right hand) {AC+4 Dex+2}
   (You found it on level 3 of the Dungeon)

   [ring of protection]

   AC+4:      It affects your AC (+4).
   Dex+2:     It affects your dexterity (+2).
 x - a +5 ring of evasion
 U - a ring of protection from cold
Talismans
 c - a beast talisman (active)
 d - a flux talisman
 V - a maw talisman
Wands
 t - a wand of roots (25)
 z - a wand of flame (11)
 F - a wand of polymorph (5)
 I - a wand of mindburst (16)
 L - a wand of paralysis (1)
 M - a wand of digging (4)
Scrolls
 e - 5 scrolls of blinking {unknown}
 f - 3 scrolls of noise {unknown}
 g - 3 scrolls of vulnerability {unknown}
 i - 8 scrolls of teleportation {unknown}
 k - 3 scrolls of enchant weapon {unknown}
 l - 8 scrolls of identify {unknown}
 n - 3 scrolls of poison {unknown}
 p - a scroll of amnesia {unknown}
 v - a scroll of summoning {unknown}
 w - 2 scrolls of silence {unknown}
 y - 3 scrolls of brand weapon {unknown}
 E - a scroll of immolation {unknown}
 J - a scroll of revelation {unknown}
 K - 4 scrolls of fog {unknown}
 O - 5 scrolls of enchant armour {unknown}
 S - a scroll of fear {unknown}
Potions
 b - 2 potions of lignification
 h - 3 potions of heal wounds {unknown}
 m - a potion of might {unknown}
 q - a potion of attraction {unknown}
 u - 4 potions of curing {unknown}
 A - 3 potions of invisibility {unknown}
 B - 3 potions of mutation
 C - 4 potions of haste {unknown}
 P - a potion of magic {unknown}
 R - a potion of ambrosia {unknown}


   Skills:
 + Level 4.1 Fighting
 + Level 3.9 Armour
 + Level 6.0 Dodging
 + Level 13.7 Unarmed Combat
 * Level 1.1 Translocations
 * Level 5.6 Invocations
 * Level 8.2 Shapeshifting


You had 7 spell levels left.
You knew the following spells:

 Your Spells              Type           Power      Damage    Failure   Level
a - Manifold Assault      Tloc           4%         N/A       80%         4

Your spell library contained the following spells:

 Spells                   Type           Power      Damage    Failure   Level
 Summon Small Mammal      Summ           0%         N/A       22%         1
 Cigotuvi's Dreadful Rot  Necr/Alch/Air  0%         N/A       32%         2
 Call Canine Familiar     Summ           0%         N/A       54%         3
 Fugue of the Fallen      Necr           0%         N/A       54%         3
 Ozocubu's Armour         Ice            0%         N/A       54%         3
 Sigil of Binding         Hex            0%         N/A       54%         3
 Dimensional Bullseye     Hex/Tloc       1%         N/A       86%         4
 Dispel Undead            Necr           0%         3d6       91%         4
 Ignite Poison            Fire/Alch      0%         N/A       91%         4
 Martyr's Knell           Necr/Summ      0%         N/A       91%         4
 Summon Blazeheart Golem  Fire/Summ      0%         N/A       91%         4
 Freezing Cloud           Conj/Ice/Air   0%         6-21      99%         5
 Death Channel            Necr           0%         N/A       100%        6


Dungeon Overview and Level Annotations

Branches:
Dungeon (9/15)             Temple (1/1) D:6            Lair (2/5) D:8
 Shoals (0/4) Lair:2      Ossuary (visited)
  Snake: Lair:2-3    Spider: Lair:2-3       Orc: D:9-12

Altars:
Ashenzari
Cheibriados
Dithmenos
Elyvilon
Fedhas
Gozag
Hepliaklqana
Kikubaaqudgha
Nemelex Xobeh
Okawaru
Qazlal
Ru
Sif Muna
Trog
Uskayaw
Vehumet
Xom
Yredelemnul
Zin
The Shining One

Shops:
D:1 :   D:5 :   D:7 *:!


Innate Abilities, Weirdness & Mutations

You are a hulking beast.
Your limbs bulge with bestial killing power. (Slay +4)
Your serpentine skin is tough. (AC +4)
You have supernaturally acute eyesight. (SInv)
Armour fits poorly on your strangely shaped body.
Your system is resistant to poisons. (rPois)
You cover ground very slowly.
You can spit poison.
You have a snake-like lower body.
You have a pair of horns on your head.
You are clumsy. (Dex -2)
Your flesh is cold resistant. (rC+)


Message History

The merfolk hits you from afar with a +0 trident!
The merfolk barely misses you. The merfolk hits you with a +0 trident.
The merfolk completely misses you.
You barely miss the merfolk. The merfolk hits you with a +0 trident.
The merfolk hits you but does no damage.
You punch the merfolk!
The merfolk is lightly wounded.
The merfolk hits you with a +0 trident! The merfolk completely misses you.
You pummel the merfolk!! You punch the merfolk!
The merfolk is severely wounded.
The merfolk closely misses you.
The merfolk hits you from afar with a +0 trident!
You are too injured to fight recklessly!
You are too injured to fight recklessly!
You are too injured to fight recklessly!
The merfolk hits you from afar with a +0 trident!
The merfolk hits you from afar with a +0 trident.
The merfolk closely misses you. The merfolk barely misses you. x2
The merfolk siren shouts!
The merfolk siren misses you. The merfolk hits you with a +0 trident!
* * * LOW HITPOINT WARNING * * *
The merfolk closely misses you. The merfolk barely misses you.
The merfolk siren hits you from afar with a +0 spear.
* * * LOW HITPOINT WARNING * * *
The merfolk closely misses you. The merfolk barely misses you.
The merfolk hits you with a +0 trident.
* * * LOW HITPOINT WARNING * * *
There is a large open door, spattered with blood here.
Okay, then.
Okay, then.
Okay, then.
It was a potion of mutation.
You feel extremely strange. A pair of horns grows on your head!
The horns on your head grow some more.
You feel clumsy.
You feel resistant to cold.
The merfolk siren chants a haunting song.
You are mesmerised by the merfolk siren!
The merfolk misses you. The merfolk hits you with a +0 trident!
* * * LOW HITPOINT WARNING * * *
The merfolk hits you with a +0 trident!
You die...

#......#
#....##..#.
#......#
##...######
#####.....P# #....#
# ...........
#...## #
..........# #...##
# ...[......#
##...#
....>.....### #...#
.......m....#
##..##
...#####h÷÷.#
##...#
#Fmm÷..###....#
#~~m.#........#.#
~~~~...#.......####
# #>#..###......##
# ...## ##......#
### ### #####
#....### #..
##.####...#
###......# ##..
###.##.#...##
#.......## ###...


You could see 3 merfolk, a merfolk siren (mesmerising) and a bullfrog.

Vanquished Creatures
  Harold (D:9)
  Amaemon (D:9)
  A black mamba (Lair:2)
  3 elephants (Lair:1)
  An orange demon (D:9)
  A cane toad (Lair:1)
  Jeremiah (D:9)
  Maggie (D:8)
  A komodo dragon (D:8)
  A polar bear (Lair:1)
  A troll (D:7)
  Grinder (D:3)
  A hornet (D:9)
  Prince Ribbit (D:7)
  23 yaks
  3 wyverns
  2 steam dragons
  A basilisk (Lair:1)
  An acid dragon (D:9)
  Duvessa (D:5)
  7 water moccasins
  2 ice beasts
  A black bear (D:8)
  An ogre (D:4)
  3 sky beasts
  2 centaurs
  5 wolves (Lair:2)
  2 phantoms
  2 kobold brigands
  4 bullfrogs
  4 scorpions
  8 wights
  Dowan (D:5)
  4 electric eels (Lair:2)
  5 howler monkeys
  A bombardier beetle (D:4)
  2 lava snakes (Lair:2)
  3 centaur zombies (Ossuary)
  4 hounds
  Crazy Yiuf (D:5)
  An orc priest (D:8)
  2 jellies
  2 sleepcaps
  Jessica (D:2)
  3 iguanas
  Ijyb (D:3)
  Terence (D:2)
  5 orc wizards
  4 crocodile zombies (Ossuary)
  3 mummies (Ossuary)
  7 adders
  2 ufetubi (D:6)
  A ribbon worm (D:2)
  The ghost of tymior the Sneak, a weakling DsDe of Ashenzari (D:4)
  4 dart slugs
  24 orcs
  7 bats
  6 endoplasms
  4 giant cockroaches
  2 gnoll zombies (Ossuary)
  3 goblins (D:1)
  3 hobgoblins
  12 jackals
  19 kobolds
  2 quokkas
  9 ball pythons
  8 frilled lizards
  3 kobold zombies (Ossuary)
  6 rats
255 creatures vanquished.

Vanquished Creatures (others)
  An iguana (D:6)
  A butterfly (D:5)
2 creatures vanquished.

Grand Total: 257 creatures vanquished

Notes
Turn   | Place    | Note
-------+----------+-------------------------------------------
     0 | D:1      | lordive the Naga Shapeshifter began the quest for the Orb.
     0 | D:1      | Reached XP level 1. HP: 18/18 MP: 1/1
    58 | D:1      | Reached XP level 2. HP: 25/25 MP: 2/2
   147 | D:1      | Found Huurgh's Book Shoppe.
   850 | D:2      | Reached XP level 3. HP: 29/31 MP: 3/3
   997 | D:2      | Found a faded altar of an unknown god.
   999 | D:2      | Noticed a shining eye
   999 | D:2      | Noticed an eye of devastation
  1005 | D:2      | Noticed a golden eye
  1016 | D:2      | Noticed a golden eye
  1343 | D:2      | Reached skill level 4 in Unarmed Combat
  1374 | D:2      | Noticed Terence
  1389 | D:2      | Killed Terence
  1390 | D:2      | Reached XP level 4. HP: 19/38 MP: 4/4
  1486 | D:2      | Noticed Jessica
  1495 | D:2      | Killed Jessica
  1858 | D:3      | Reached XP level 5. HP: 41/44 MP: 5/5
  1887 | D:3      | Found a basalt altar of Yredelemnul.
  1960 | D:3      | Identified the ring "Cimnuaxt" {AC+4 Dex+2}
  2169 | D:3      | Noticed Ijyb
  2185 | D:3      | Killed Ijyb
  2373 | D:3      | Noticed Grinder
  2378 | D:3      | Reached skill level 5 in Unarmed Combat
  2384 | D:3      | Paralysed by Grinder for 3 turns
  2402 | D:3      | Paralysed by Grinder for 2 turns
  2405 | D:3      | Killed Grinder
  2406 | D:3      | Reached XP level 6. HP: 31/51 MP: 6/6
  2809 | D:4      | Reached skill level 6 in Unarmed Combat
  2861 | D:4      | Found a runed translucent gate.
  2861 | D:4      | Found a runed translucent gate.
  2861 | D:4      | Found a runed translucent gate.
  2861 | D:4      | Noticed tymior's ghost (weakling DsDe)
  2867 | D:4      | Reached XP level 7. HP: 43/57 MP: 7/7
  3403 | D:4      | Reached skill level 7 in Unarmed Combat
  3530 | D:4      | Killed tymior's ghost
  3580 | D:5      | Entered Level 5 of the Dungeon
  3755 | D:5      | Reached XP level 8. HP: 64/67 MP: 8/8
  3827 | D:5      | Found a sand-covered staircase.
  3836 | Ossuary  | Entered an ossuary
  4478 | D:5      | Found a hide-covered altar of Uskayaw.
  4481 | D:5      | Found an ancient bone altar of Kikubaaqudgha.
  4492 | D:5      | Reached skill level 8 in Unarmed Combat
  4492 | D:5      | Reached skill level 5 in Shapeshifting
  4542 | D:5      | Noticed Duvessa
  4577 | D:5      | Killed Duvessa
  4585 | D:5      | Reached skill level 9 in Unarmed Combat
  4586 | D:5      | Noticed Dowan
  4594 | D:5      | Killed Dowan
  4692 | D:5      | Found a hazy altar of Hepliaklqana.
  4694 | D:5      | Noticed a yak
  4694 | D:5      | Noticed a yak
  4712 | D:5      | Killed a yak
  4713 | D:5      | Reached XP level 9. HP: 44/73 MP: 9/9
  4849 | D:5      | Found a runed translucent door.
  4850 | D:5      | Noticed Crazy Yiuf
  4860 | D:5      | Killed Crazy Yiuf
  5210 | D:5      | Found a white marble altar of Elyvilon.
  5291 | D:5      | Reached skill level 10 in Unarmed Combat
  5297 | D:5      | Found Ovvizxaz's Book Boutique.
  5558 | D:6      | Found a staircase to the Ecumenical Temple.
  5829 | D:6      | Identified the +0 halberd of the Gnashing Saviour {freeze,
                  | +Blink MP-9 Int+6 Dex+2}
  5961 | Temple   | Entered the Ecumenical Temple
  6062 | D:6      | Reached skill level 1 in Armour
  6319 | D:6      | Identified the +4 leather armour of Lugonu's Castigation
                  | {rElec rC+++ Int-2 SInv}
  6344 | D:6      | Found a broken altar of Ashenzari.
  6377 | D:6      | Found a shadowy altar of Dithmenos.
  6547 | D:7      | Found Sydotwuc's Distillery.
  6569 | D:7      | Bought a potion of degeneration for 15 gold pieces
  6704 | D:7      | Found a glowing silver altar of Zin.
  6733 | D:7      | Noticed a troll
  6744 | D:7      | Killed a troll
  6850 | D:7      | Found Fadwuz's Book Shop.
  6869 | D:7      | Reached XP level 10. HP: 68/82 MP: 10/10
  7080 | D:7      | Found Xitoijen's Assorted Antiques.
  7294 | D:7      | Reached skill level 11 in Unarmed Combat
  7312 | D:7      | Noticed Prince Ribbit
  7350 | D:7      | Killed Prince Ribbit
  7356 | D:7      | Found a snail-covered altar of Cheibriados.
  7383 | D:7      | Became a worshipper of Cheibriados the Contemplative
  7838 | D:8      | Noticed Maggie
  7858 | D:8      | Killed Maggie
  7859 | D:8      | Reached skill level 1 in Invocations
  8079 | D:8      | Found an opulent altar of Gozag.
  8153 | D:8      | Reached * piety under Cheibriados
  8434 | D:8      | Found a staircase to the Lair.
  8547 | D:8      | Reached skill level 5 in Dodging
  8703 | D:9      | Paralysed by a hornet for 2 turns
  8708 | D:9      | Noticed Jeremiah
  8720 | D:9      | Killed Jeremiah
  8721 | D:9      | Reached skill level 12 in Unarmed Combat
  8793 | D:9      | Noticed Harold
  8811 | D:9      | Killed Harold
  8812 | D:9      | Reached XP level 11. HP: 38/90 MP: 13/13
  8895 | D:9      | Noticed Amaemon
  8910 | D:9      | Killed Amaemon
  9375 | D:9      | Reached ** piety under Cheibriados
  9592 | D:9      | Found a bloodstained altar of Trog.
  9721 | D:9      | Found a shimmering blue altar of Sif Muna.
 10048 | Lair:1   | Entered Level 1 of the Lair of Beasts
 10585 | Lair:1   | Reached skill level 13 in Unarmed Combat
 10940 | Lair:1   | Reached skill level 5 in Invocations
 11245 | Lair:2   | Reached *** piety under Cheibriados
 11367 | Lair:2   | Learned a level 4 spell: Manifold Assault
 11690 | Lair:2   | Reached XP level 12. HP: 78/99 MP: 16/16
 11706 | Lair:2   | Reached skill level 1 in Translocations
 11884 | Lair:2   | Found a staircase to the Shoals.
 11892 | Lair:2   | Gained mutation: You have a pair of small horns on your
                  | head. [potion of mutation]
 11892 | Lair:2   | Gained mutation: You have a pair of horns on your head.
                  | [potion of mutation]
 11892 | Lair:2   | Gained mutation: You are clumsy. (Dex -2) [potion of
                  | mutation]
 11892 | Lair:2   | Gained mutation: Your flesh is cold resistant. (rC+)
                  | [potion of mutation]
 11892 | Lair:2   | Mangled by a merfolk

Illustrated notes

Levels and vault maps discovered:
D:1:      psy_arrival_fountain, layout_loops_ring, serial_shops,
          nicolae_shop_hallway_plus
D:2:      layout_basic, hellmonk_ecumenical_altar_watching_god, uniq_terence,
          uniq_jessica
D:3:      layout_basic, lemuel_round_altar, uniq_ijyb, uniq_grinder
D:4:      layout_rooms, ebering_ghost_rock_garden
D:5:      layout_loops_corners, lemuel_round_altar,
          nicolae_elyvilon_peaceful_grove, nicolae_overflow_squiral,
          mainiacjoe_ossuary_entry_dusty_tomb, serial_shops, shop, uniq_duvessa,
          uniq_crazy_yiuf_cottage
D:6:      layout_basic, mainiacjoe_overflow_swirl, minmay_temple_entry_junction
D:7:      layout_basic, zin_statuary, overflow_temple_1_default, serial_shops,
          shop, shop, nicolae_shop_waterfront, uniq_prince_ribbit1
D:8:      layout_basic, nicolae_gozag_seed_capital, david_lair_shrubbed,
          minmay_manual_mail, uniq_maggie
D:9:      layout_small_grid, mainiacjoe_overflow_paths, lemuel_round_altar,
          uniq_amaemon, uniq_jeremiah, uniq_harold
Temple:   hellmonk_temple_forest_ring
Lair:1:   layout_regular_city, serial_bayou_shore_b
Lair:2:   layout_layer_cave, elwin_shoals_entry_stream,
          guppyfry_snake_entry_garden, nicolae_lair_liquid_snakes

Skill      XL: |  1  2  3  4  5  6  7  8  9 10 11 12 |
---------------+-------------------------------------+-----
Unarmed Combat | 4 5 6 7 9 10 12 13 | 13.7
Dodging        | 2 3 4 5 6 |  6.0
Shapeshifting  | 4 5 6 7 8 |  8.2
Fighting       | 2 3 4 |  4.1
Armour         | 1 3 |  3.9
Invocations    | 3 5 |  5.6
Translocations | 1 |  1.1

Action                     |  1- 3 |  4- 6 |  7- 9 | 10-12 || total
---------------------------+-------+-------+-------+-------++-------
  Melee: Unarmed           |   107 |   111 |   321 |   427 ||   966
         Punch             |     1 |     5 |    17 |    40 ||    63
Ability: Spit Poison       |       |     4 |     5 |     1 ||    10
         Begin Untransform |       |       |     3 |       ||     3
    Use: Potion            |       |       |     1 |     1 ||     2
   Stab: Sleeping          |       |     1 |       |     1 ||     2
 Armour: Animal skin       |    46 |    42 |    88 |       ||   176
         Skin              |       |       |    34 |       ||    34
         Scale mail        |       |       |    47 |       ||    47
         Leather armour    |       |       |    17 |   345 ||   362
  Dodge: Dodged            |    78 |    74 |   234 |   444 ||   830
   Form: Beast             |     1 |       |     3 |       ||     4
